 Dungeon Crawl Stone Soup version 0.24-a0-280-g7cec4da (webtiles) character file.

Game seed: 11935213874874836034

457 robertstho the Ruffian (level 6, -1/61 HPs)
             Began as a Troll Berserker on May 10, 2019.
             Was a Priest of Trog.
             Slain by a hound (2 damage)
             ... on level 5 of the Dungeon.
             The game lasted 00:04:17 (3011 turns).

robertstho the Ruffian (Troll Berserker)            Turns: 3011, Time: 00:04:18

Health: -1/61      AC: -10   Str: 28    XL:     6   Next: 77%
Magic:  5/5        EV: 11    Int:  3    God:    Trog [***...]
Gold:   260        SH:  0    Dex:  9    Spells: 5/5 levels left

rFire    + . .     SeeInvis .     - Unarmed
rCold    + . .     Gourm    +   (no shield)
rNeg     . . .     Faith    .   a - +0 animal skin
rPois    .         Spirit   .   (helmet restricted)
rElec    .         Reflect  .   t - scarf {rC+ rF+}
rCorr    .         Harm     .   (gloves unavailable)
MR       .....                  (boots unavailable)
Stlth    +.........             (no amulet)
HPRegen  0.60/turn              (no ring)
MPRegen  0.09/turn              (no ring)

@: corroded, berserk cooldown, slowed, very slow
A: large, unfitting armour, claws 3, fast metabolism 3, gourmand, regeneration
1, shaggy fur 1, tough skin 3
a: Berserk, Trog's Hand, Renounce Religion


You were on level 5 of the Dungeon.
You worshipped Trog.
Trog was most pleased with you.
You were very full.

You visited 1 branch of the dungeon, and saw 5 of its levels.

You collected 260 gold pieces.

Inventory:

Armour
 a - a +0 animal skin (worn)
 t - a scarf of resistance (worn)
Jewellery
 k - an uncursed ring of see invisible {unknown}
Wands
 r - a wand of iceblast (6)
Scrolls
 c - a scroll of fear {unknown}
 d - 2 scrolls of immolation {unknown}
 e - 4 scrolls of remove curse {unknown}
 f - 5 scrolls of identify {unknown}
 g - 2 scrolls of amnesia {unknown}
 h - 5 scrolls of teleportation {unknown}
 l - 2 scrolls of enchant armour {unknown}
Potions
 i - a potion of magic
 j - 3 potions of flight {unknown}
 n - a potion of degeneration {unknown}
 o - a potion of mutation {unknown}
 p - a potion of brilliance {unknown}
 q - 2 potions of curing {unknown}
 s - a potion of agility {unknown}
Comestibles
 b - 6 rations


   Skills:
 + Level 3.2 Fighting
 + Level 3.6 Dodging
 + Level 0.9 Stealth
 + Level 6.2 Unarmed Combat


You had 5 spell levels left.
You didn't know any spells.
Your spell library was empty.

Dungeon Overview and Level Annotations

Branches:
Dungeon (5/15)
 Temple: D:4-7

Altars:
Cheibriados
Elyvilon
Fedhas
Makhleb
Okawaru
Qazlal
Ru
Wu Jian
The Shining One


Innate Abilities, Weirdness & Mutations

You are too large for most types of armour.
You have claws for hands.
Your metabolism is lightning-fast.
You like to eat raw meat.
Your natural rate of healing is unusually fast.
You are covered in fur. (AC +1)
You have extremely tough skin. (AC +3)


Message History

The hound is heavily wounded.
The hound bites you.
* * * LOW HITPOINT WARNING * * *
The hound bites you.
* * * LOW HITPOINT WARNING * * *
You scratch the hound.
The hound is severely wounded.
The hound misses you.
You scratch the hound but do no damage.
The hound is severely wounded.
The hound bites you.
* * * LOW HITPOINT WARNING * * *
The hound bites you.
* * * LOW HITPOINT WARNING * * *
It was a potion of magic.
Magic courses through your body. The hound bites you.
* * * LOW HITPOINT WARNING * * *
The hound bites you.
* * * LOW HITPOINT WARNING * * *
The hound bites you.
You die...

............... .....
....... #............
#.......##.########
#.......'..........
#.......#...######
#.......#...#
#.......#h..#.###
#####.......#@........
#..............##.##..
#..............# .#
####...<..........+ #
..[...............#
.##...............#
#...............#
#.................
#...............##


You could see a hound.

Vanquished Creatures
  A scorpion (D:4)
  2 bullfrog skeletons (D:4)
  2 jellies (D:5)
  An orc wizard (D:3)
  Ijyb (D:3)
  An iguana (D:4)
  2 worker ants (D:4)
  A howler monkey skeleton (D:4)
  5 adders
  An ooze (D:2)
  4 worms
  A dart slug (D:1)
  A leopard gecko (D:3)
  11 orcs
  5 giant cockroaches
  11 goblins
  3 hobgoblins
  5 jackals
  4 quokkas
  3 ball pythons
  5 bats
  6 frilled lizards
  4 kobolds
  5 rats
85 creatures vanquished.

Notes
Turn   | Place    | Note
-------+----------+-------------------------------------------
     0 | D:1      | robertstho the Troll Berserker began the quest for the Orb.
     0 | D:1      | Reached XP level 1. HP: 22/22 MP: 0/0
   337 | D:1      | Reached XP level 2. HP: 28/29 MP: 1/1
   990 | D:2      | Found a glowing golden altar of the Shining One.
  1010 | D:2      | Reached XP level 3. HP: 36/36 MP: 2/2
  1030 | D:2      | Found an ornate altar of the Wu Jian Council.
  1041 | D:2      | Found an iron altar of Okawaru.
  1078 | D:2      | Found a sacrificial altar of Ru.
  1085 | D:2      | Reached ** piety under Trog
  1588 | D:3      | Noticed Ijyb
  1589 | D:3      | Found a white marble altar of Elyvilon.
  1595 | D:3      | Killed Ijyb
  1595 | D:3      | Reached XP level 4. HP: 19/45 MP: 3/3
  1791 | D:3      | Reached skill level 4 in Unarmed Combat
  1832 | D:3      | Found a stormy altar of Qazlal.
  1871 | D:3      | Reached XP level 5. HP: 51/53 MP: 4/4
  2147 | D:3      | Reached *** piety under Trog
  2439 | D:4      | Reached skill level 5 in Unarmed Combat
  2525 | D:4      | Found a blossoming altar of Fedhas.
  2525 | D:4      | Found a faded altar of an unknown god.
  2530 | D:4      | Found a burning altar of Makhleb.
  2532 | D:4      | Found a snail-covered altar of Cheibriados.
  2534 | D:4      | Found a faded altar of an unknown god.
  2583 | D:4      | Reached XP level 6. HP: 58/61 MP: 5/5
  2962 | D:5      | Entered Level 5 of the Dungeon
  2974 | D:5      | Reached skill level 6 in Unarmed Combat
  3011 | D:5      | HP: 1/61 [hound (4)]
  3011 | D:5      | Slain by a hound

Levels and vault maps discovered:
D:1:      ebering_trefoil_twist, layout_basic, serial_bayou_pond_b
D:2:      layout_rooms, nicolae_tso_swordbearing_angel, old_standard_altar,
          amethyst_overflow_temple_binary, first_ration, minivault_25,
          chequers_avenue, small_statue_intersection
D:3:      layout_loops_ring, nicolae_overflow_hidden_temple, elyvilon_altar_4,
          minmay_vboxes, uniq_ijyb
D:4:      layout_loops_ring, chequers_temple_overflow_minitemple,
          nrook_campfire, minmay_misc_feat_plants
D:5:      layout_basic, grunt_ministairs_15, lemuel_angel_altar

Skill      XL: |  1  2  3  4  5  6 |
---------------+-------------------+-----
Fighting       | 3 |  3.2
Dodging        | 3 |  3.6
Unarmed Combat | 4 5 6 |  6.2
Stealth        | |  0.9

Action                   |  1- 3 |  4- 6 || total
-------------------------+-------+-------++-------
Melee: Unarmed           |   100 |   124 ||   224
       Punch             |     1 |       ||     1
Invok: Berserk           |     1 |     1 ||     2
  Use: Potion            |       |     1 ||     1
 Stab: Sleeping          |       |     2 ||     2
  Eat: Chunk             |    20 |    13 ||    33
Armor: Animal skin       |    51 |    19 ||    70
Dodge: Dodged            |    56 |    50 ||   106

Table legend:
 A = Non-vault XP
 B = Vault XP
 C = Vault XP percentage of total XP
 D = Non-vault monster count
 E = Vault monster count
 F = Vault count percentage of total count
                 A         B        C        D         E       F
            +---------+---------+-------+---------+---------+-------
      Total |     608 |      46 |   7.0 |      79 |       6 |   7.1
            +---------+---------+-------+---------+---------+-------
        D:1 |      22 |       5 |  18.5 |      13 |       3 |  18.8
        D:2 |      45 |       0 |   0.0 |      20 |       0 |   0.0
        D:3 |     135 |      41 |  23.3 |      28 |       3 |   9.7
        D:4 |     320 |       0 |   0.0 |      15 |       0 |   0.0
        D:5 |      86 |       0 |   0.0 |       3 |       0 |   0.0
            +---------+---------+-------+---------+---------+-------
